 Dungeon Crawl Stone Soup version 0.31.0-10-gcf4a605ca0 (webtiles) character file.

Game seed: 9193959617226770070

41220 sanka the Earth Mage (level 14, -25/89 (90) HPs)
             Began as a Gargoyle Earth Elementalist on Jan 25, 2024.
             Was an Elder of Vehumet.
             Killed from afar by an ancient champion (47 damage)
             ... with an iron shot
             ... on level 1 of the Depths.
             The game lasted 00:45:55 (21771 turns).

sanka the Earth Mage (Gargoyle Earth Elementalist) Turns: 21771, Time: 00:45:56

HP:   -25/89 (90)   AC: 22    Str: 11    XL:     14   Next: 14%
MP:   12/26         EV: 29    Int: 35    God:    Vehumet [****..]
Gold: 2291          SH:  0    Dex: 10    Spells: 6/29 levels left

rFire   . . .        o - +7 mace of the Peculiar Hosts {flame, Int+7}
rCold   . . .        (no shield)
rNeg    + . .        O - +0 troll leather armour
rPois   ∞            r - +1 hat
rElec   +            F - +0 cloak
rCorr   .            A - +1 pair of gloves
SInv    .            n - +0 pair of boots
Will    +....        R - amulet of the acrobat
Stlth   ++           T - +4 ring of protection
HPRegen 1.14/turn    c - +6 ring of intelligence
MPRegen 0.20/turn

%: acrobat
@: acrobatic, flying, lightly drained
A: sickness immunity, AC +10, big wings, negative energy resistance 1,
electricity resistance, torment resistance 1, petrification resistance
a: Renounce Religion


You were on level 1 of the Depths.
You worshipped Vehumet.
Vehumet was greatly pleased with you.
You visited 3 branches of the dungeon, and saw 17 of its levels.
You also visited: Sewer and Bailey.

You collected 2291 gold pieces.


Innate Abilities, Weirdness & Mutations

You are immune to sickness and miasma.
Your stone body is resilient. (AC +10)
You are immune to poison.
Your large and strong wings let you fly.
You resist negative energy. (rN+)
You are resistant to electric shocks. (rElec)
You are resistant to unholy torment.
You are immune to petrification.


   Skills:
 - Level 11.4 Fighting
 - Level 9.3 Dodging
 - Level 2.1 Stealth
 - Level 8.0 Spellcasting
 * Level 11.6 Conjurations
 * Level 16.5 Earth Magic


You had 6 spell levels left.
You knew the following spells:

 Your Spells              Type           Power      Damage    Failure   Level
c - Petrify               Alch/Erth      64%        N/A       1%          4
v - Lehudib's Crystal Sp  Conj/Erth      42%        10d10     21%         8
x - Stone Arrow           Conj/Erth      100%       3d13      1%          3
y - Brom's Barrelling Bo  Conj/Erth      85%        2d10      1%          4
z - Sandblast             Erth           100%       2d20      0%          1
N - Passwall              Erth           92%        N/A       0%          3

Your spell library contained the following spells:

 Spells                   Type           Power      Damage    Failure   Level
 Flame Wave               Conj/Fire      53%        2d13      1%          4
 Foxfire                  Conj/Fire      100%       2x1d9     1%          1
 Magic Dart               Conj           100%       1d8       1%          1
 Animate Armour           Summ/Erth      100%       N/A       1%          4
 Blink                    Tloc           28%        N/A       6%          2
 Call Imp                 Summ           28%        N/A       6%          2
 Freezing Cloud           Conj/Ice/Air   20%        6-21      6%          5
 Ignite Poison            Fire/Alch      14%        N/A       11%         4
 Starburst                Conj/Fire      26%        6d8       16%         6
 Anguish                  Hex/Necr       7%         N/A       36%         4
 Cause Fear               Hex            7%         N/A       36%         4
 Plasma Beam              Fire/Air       7%         2x1d17    80%         6
 Enfeeble                 Hex            7%         N/A       100%        7
 Cigotuvi's Dreadful Rot  Necr/Alch/Air  Unusable   N/A       N/A         2

Inventory:

Hand Weapons
 o - the +7 mace of the Peculiar Hosts (weapon) {flame, Int+7}

   Int+7:     It affects your intelligence (+7).
 K - a +0 broad axe
Missiles
 a - a throwing net {=f}
 G - 14 curare-tipped darts {=f}
Armour
 n - a +0 pair of boots (worn)
 r - a +1 hat (worn)
 A - a +1 pair of gloves (worn)
 B - a +1 robe of willpower
 F - a +0 cloak (worn)
 O - a +0 troll leather armour (worn)
Jewellery
 c - a +6 ring of intelligence (right hand)
 i - a ring of positive energy
 C - a +4 ring of slaying
 E - a +4 ring of slaying
 H - a ring of see invisible
 J - the ring "Bosh" {Ice rN+ Dex+3 SInv}

   [ring of ice]

   Ice:       It enhances your ice magic.
   Dex+3:     It affects your dexterity (+3).
   rF-:       It makes you vulnerable to fire.
   rC+:       It protects you from cold.
   rN+:       It protects you from negative energy.
   SInv:      It lets you see invisible.
 M - a ring of protection from cold
 R - an amulet of the acrobat (around neck)
 T - a +4 ring of protection (left hand)
 W - a +6 ring of strength
Wands
 v - a wand of charming (10)
 y - a wand of flame (35)
 L - a wand of polymorph (7)
Scrolls
 g - 7 scrolls of enchant weapon
 h - 7 scrolls of blinking
 j - 3 scrolls of enchant armour
 k - a scroll of torment {!r}
 m - 3 scrolls of fog
 p - 5 scrolls of noise {!r}
 s - 9 scrolls of teleportation {@r4}
 t - 4 scrolls of revelation
 x - 2 scrolls of vulnerability {!r}
 D - 4 scrolls of amnesia
 N - 2 scrolls of fear {unknown}
 Q - a scroll of immolation {!r}
 U - 2 scrolls of poison
Potions
 b - a potion of magic
 d - 6 potions of attraction {!q}
 e - 2 potions of cancellation {unknown}
 f - 5 potions of might
 l - 2 potions of curing {unknown}
 q - 4 potions of enlightenment
 u - 7 potions of heal wounds {@q2}
 w - 2 potions of mutation {unknown}
 z - 2 potions of lignification {unknown}
 I - a potion of berserk rage {unknown}
 P - 2 potions of ambrosia {unknown}
 S - a potion of invisibility {unknown}
 V - a potion of resistance {unknown}
 X - a potion of experience {unknown}

Dungeon Overview and Level Annotations

Branches:
Dungeon (15/15) Temple (1/1) D:4 Lair (0/5) D:11 Orc (0/2) D:12 Vaults (0/5) D:13 D:14 Depths (1/4) D:15 Sewer (visited) Bailey (visited)

Altars:
Ashenzari
Cheibriados
Dithmenos
Elyvilon
Fedhas
Gozag
Hepliaklqana
Kikubaaqudgha
Makhleb
Nemelex Xobeh
Okawaru
Qazlal
Ru
Sif Muna
Trog
Uskayaw
Vehumet
Wu Jian
Xom
Yredelemnul
Zin
The Shining One

Shops:
D:11 :

Annotations:
D:11 exclusion: downstairs
D:12 3 runed translucent doors, exclusions: downstairs, ice statue and orange crystal statue, Skimidon's ghost, adept FoDe
D:13 Rupert

....).<)(..............
.......................
.......................
....▒▒▒▒▒▒▒▒▒▒▒...▒▒▒▒▒
....▒ ▒.....▒▒▒▒ ▒▒▒▒▒
▒........▒ ▒....~~~..
▒...~~8~~. ▒.8▒▒▒▒▒▒
▒▒uz..▒▒▒ ▒▒.....▒
▒▒.W..▒▒ ▒.u...▒
▒▒▒W..▒ ▒.....▒
▒▒u....▒
▒▒▒....▒.▒▒▒▒▒▒


You could see an eidolon, an ancient champion (fast), 2 ugly things and a
freezing wraith.


Message History

The freezing wraith completely misses you.
The freezing wraith barely misses you.
The ancient champion hits you but does no damage.
The freezing wraith misses you.
The freezing wraith hits you but does no damage.
The ancient champion hits you with a +1 great mace of draining!
* * * LOW HITPOINT WARNING * * *
The freezing wraith misses you.
The freezing wraith completely misses you.
The ancient champion is no longer moving quickly.
The ancient champion casts a spell.
The ancient champion seems to speed up.
The freezing wraith attacks as it pursues you!
The freezing wraith misses you. The freezing wraith barely misses you.
You feel yourself speed up.
The ancient champion gestures at you while chanting.
The iron shot misses you.
The ancient champion completely misses you.
The freezing wraith completely misses you.
The freezing wraith hits you but does no damage.
The ancient champion hits you with a +1 great mace of draining!
* * * LOW HITPOINT WARNING * * *
The ancient champion completely misses you.
The ancient champion points at you and mumbles some strange words.
The iron shot misses you.
The ancient champion casts a spell at you.
The iron shot hits you!!!
Ouch! That really hurt!
You die...

Action                     |  1- 3 |  4- 6 |  7- 9 | 10-12 | 13-15 || total
---------------------------+-------+-------+-------+-------+-------++-------
  Melee: Unarmed           |     7 |       |       |       |       ||     7
         Mace              |     8 |    22 |     7 |   110 |    50 ||   197
         Punch             |       |       |       |     4 |       ||     4
  Throw: Dart              |       |       |       |    12 |     4 ||    16
   Cast: Sandblast         |    42 |    90 |   134 |   207 |     2 ||   475
         Stone Arrow       |       |     1 |     5 |   143 |   171 ||   320
         Petrify           |       |       |       |     6 |     6 ||    12
         Lehudib's Crystal |       |       |       |       |     1 ||     1
         Brom's Barrelling |       |       |       |       |     1 ||     1
  Evoke: Wand              |       |       |       |       |     8 ||     8
    Use: Scroll            |       |       |       |    13 |     3 ||    16
         Potion            |       |       |       |       |     3 ||     3
   Stab: Sleeping          |       |     1 |       |       |       ||     1
         Petrified         |       |       |       |     6 |     5 ||    11
 Armour: Robe              |    20 |    49 |    74 |   135 |       ||   278
         Troll leather arm |       |       |       |   176 |   258 ||   434
  Dodge: Dodged            |    17 |    52 |    73 |   310 |   263 ||   715

Levels and vault maps discovered:
D:1:      eino_arrival_tree_alley, layout_basic, serial_forest,
          infiniplex_forest_end_2, infiniplex_forest_lined_room_2,
          infiniplex_forest_clump_long, infiniplex_forest_clump_tiny,
          infiniplex_forest_straight_1, infiniplex_forest_straight_2
D:2:      kennysheep_big_flooded_room, layout_loops_ring,
          shapermc_ecumenical_altar_totnotflames, minmay_misc_feat_x,
          minivault_24
D:3:      layout_loops_corners, overflow_temple_1_default, zin_angel,
          gup_sewer_entry_bowl, glass_columns_a
D:4:      layout_basic, lemuel_round_altar, minmay_temple_entry_wispy,
          serial_glass, glass_columns_c, glass_columns_c, uniq_ijyb
D:5:      wad_woods_stonehenge, layout_basic, mainiacjoe_overflow_alcove_2,
          mainiacjoe_overflow_catwalk, lightli_temple_of_fire,
          uniq_crazy_yiuf_cottage
D:6:      layout_loops_ring, mainiacjoe_overflow_tiny_flanked,
          nemelex_spade_bored_becter, lemuel_zombie_altar_kikubaaqudgha,
          kennysheep_generic_room_11
D:7:      layout_loops_corners, trog_three_pillars_becter, lemuel_crystal_altar,
          nicolae_concentric_dashed_squares_mild, uniq_pikel
D:8:      layout_loops_ring, mainiacjoe_overflow_brackets, minmay_statues_item
D:9:      layout_layer_cave, amcnicky_altar_gilded, grunt_dithmenos_smoke,
          ebering_ghost_rock_garden
D:10:     minmay_spotlight, layout_irregular_city, enter_bailey_1
D:11:     layout_cross, erik_lair_orcish_takeover, nicolae_custom_books,
          lightli_orcish_oven
D:12:     minmay_separated_statues, layout_irregular_city, zombieorc2_lemuel,
          gammafunk_ghost_split, dk_noncrumbling_3,
          nicolae_tso_swordbearing_angel
D:13:     layout_stronghold, uniq_urug, uniq_lodul
D:14:     layout_roguey, david_vaults_3
D:15:     grunt_enter_depths_snipers, layout_basic, minmay_misc_feat_square
Temple:   hellmonk_temple_micro_hex
Depths:1: cell_vault, layout_twisted_cross, nicolae_water_bricks,
          grunt_mini_vestibule, abyss_entry_crystal, hangedman_decor_points,
          moated_statue, nicolae_lava_and_water, reono_crystal_passage,
          kilobyte_mutagenic_chamber

Notes
Turn   | Place    | Note
-------+----------+-------------------------------------------
     0 | D:1      | sanka the Gargoyle Earth Elementalist began the quest for
                  | the Orb.
     0 | D:1      | Reached XP level 1. HP: 10/10 MP: 3/3
   112 | D:1      | Reached XP level 2. HP: 15/15 MP: 2/5
   653 | D:1      | Reached skill level 3 in Spellcasting
  1195 | D:2      | Found a faded altar of an unknown god.
  1230 | D:2      | Reached XP level 3. HP: 18/19 MP: 3/7
  1422 | D:3      | Identified the +7 mace of the Peculiar Hosts {flame, Int+7}
  1436 | D:3      | Learned a level 3 spell: Passwall
  1440 | D:3      | Learned a level 3 spell: Stone Arrow
  1661 | D:3      | Reached XP level 4. HP: 22/24 MP: 4/9
  1663 | D:3      | Reached skill level 4 in Spellcasting
  1670 | D:3      | Found a broken altar of Ashenzari.
  1788 | D:3      | Reached skill level 4 in Earth Magic
  1795 | D:3      | Reached skill level 2 in Conjurations
  1809 | D:3      | Found a glowing drain.
  1813 | Sewer    | Entered a sewer
  1869 | Sewer    | Reached XP level 5. HP: 24/28 MP: 9/11
  2065 | Sewer    | Reached skill level 3 in Conjurations
  2067 | Sewer    | Reached skill level 5 in Earth Magic
  2309 | Sewer    | Reached XP level 6. HP: 32/32 MP: 9/12
  2996 | D:3      | Found a glowing silver altar of Zin.
  2996 | D:3      | Noticed an angel
  3893 | D:4      | Noticed Ijyb
  3906 | D:4      | Killed Ijyb
  4009 | D:4      | Reached skill level 4 in Conjurations
  4048 | D:4      | Found a staircase to the Ecumenical Temple.
  4058 | D:4      | Found a shimmering altar of Xom.
  4073 | Temple   | Entered the Ecumenical Temple
  4080 | Temple   | Became a worshipper of Vehumet
  4091 | D:4      | Reached skill level 6 in Earth Magic
  4616 | D:5      | Entered Level 5 of the Dungeon
  4690 | D:5      | Found a shimmering altar of Xom.
  4706 | D:5      | Reached XP level 7. HP: 35/36 MP: 10/13
  4713 | D:5      | Reached skill level 7 in Earth Magic
  4989 | D:5      | Found a snail-covered altar of Cheibriados.
  5164 | D:5      | Found a runed translucent door.
  5165 | D:5      | Noticed Crazy Yiuf
  5385 | D:5      | Reached skill level 8 in Earth Magic
  5525 | D:5      | Found a hazy altar of Hepliaklqana.
  5828 | D:5      | Found a burning altar of Makhleb.
  6036 | D:6      | Reached skill level 9 in Earth Magic
  6036 | D:6      | Reached XP level 8. HP: 35/41 MP: 10/14
  6092 | D:6      | Reached skill level 10 in Earth Magic
  6093 | D:6      | Reached * piety under Vehumet
  6093 | D:6      | Offered knowledge of Freeze by Vehumet.
  6187 | D:6      | Reached skill level 1 in Fighting
  6282 | D:6      | Found an ornate altar of the Wu Jian Council.
  6315 | D:6      | Reached skill level 2 in Dodging
  6360 | D:6      | Reached skill level 2 in Fighting
  6524 | D:6      | Reached skill level 3 in Fighting
  6524 | D:6      | Reached skill level 3 in Dodging
  6670 | D:6      | Found a sparkling altar of Nemelex Xobeh.
  6805 | D:6      | Found an ancient bone altar of Kikubaaqudgha.
  7039 | D:6      | Reached skill level 4 in Fighting
  7042 | D:6      | Reached XP level 9. HP: 34/52 MP: 9/15
  7236 | D:7      | Noticed Pikel
  7252 | D:7      | Killed Pikel
  7253 | D:7      | Reached skill level 5 in Fighting
  7253 | D:7      | Reached skill level 4 in Dodging
  7425 | D:7      | Noticed a hornet
  7429 | D:7      | Killed a hornet
  7430 | D:7      | Reached skill level 6 in Fighting
  7430 | D:7      | Reached skill level 5 in Dodging
  7674 | D:7      | Reached ** piety under Vehumet
  7674 | D:7      | Offered knowledge of Momentum Strike by Vehumet.
  7717 | D:7      | Found a glowing golden altar of the Shining One.
  8000 | D:7      | Found a bloodstained altar of Trog.
  8099 | D:7      | Reached skill level 7 in Fighting
  8339 | D:8      | Reached skill level 6 in Dodging
  8458 | D:8      | Reached XP level 10. HP: 64/64 MP: 16/16
  8560 | D:8      | Reached skill level 8 in Fighting
  8742 | D:8      | Found a shimmering blue altar of Sif Muna.
  9054 | D:9      | Found a runed translucent gate.
  9054 | D:9      | Found a runed translucent gate.
  9054 | D:9      | Found a runed translucent gate.
  9055 | D:9      | Noticed PigKeeper's ghost (journeyman DjHu)
  9113 | D:9      | Found a shadowy altar of Dithmenos.
  9577 | D:9      | Reached skill level 7 in Dodging
  9701 | D:9      | Found a sacrificial altar of Ru.
  9772 | D:9      | Noticed a two-headed ogre
  9779 | D:9      | Killed a two-headed ogre
  9780 | D:9      | Reached skill level 9 in Fighting
  9926 | D:9      | Offered knowledge of Hailstorm by Vehumet.
 10563 | D:5      | Killed Crazy Yiuf
 10732 | D:10     | Entered Level 10 of the Dungeon
 10773 | D:10     | Reached skill level 10 in Fighting
 10803 | D:10     | Noticed a two-headed ogre
 10807 | D:10     | Killed a two-headed ogre
 10808 | D:10     | Reached skill level 8 in Dodging
 10808 | D:10     | Reached XP level 11. HP: 73/73 MP: 8/17
 10914 | D:10     | Reached *** piety under Vehumet
 10947 | D:10     | Found a flagged portal.
 10960 | D:10     | Learned a level 4 spell: Brom's Barrelling Boulder
 10965 | D:10     | Learned a level 4 spell: Petrify
 11011 | Bailey   | Entered a bailey
 11082 | Bailey   | Noticed an orc knight
 11098 | Bailey   | Killed an orc knight
 11208 | Bailey   | Offered knowledge of Volatile Blastmotes by Vehumet.
 11212 | Bailey   | Noticed an orc knight
 11245 | Bailey   | Killed an orc knight
 11246 | Bailey   | Reached skill level 11 in Earth Magic
 11381 | Bailey   | Found an iron altar of Okawaru.
 11393 | Bailey   | Identified the ring "Bosh" {Ice rN+ Dex+3 SInv}
 11772 | D:10     | Reached skill level 12 in Earth Magic
 11940 | D:10     | Reached skill level 11 in Fighting
 12402 | D:11     | Noticed a two-headed ogre
 12658 | D:11     | Reached skill level 9 in Dodging
 12674 | D:11     | Killed a two-headed ogre
 12738 | D:11     | Found a staircase to the Lair.
 13078 | D:11     | Reached **** piety under Vehumet
 13147 | D:11     | Found Hauvat's Self-Published Books.
 13317 | D:12     | Noticed Skimidon's ghost (adept FoDe)
 13319 | D:12     | Noticed a frost giant
 13321 | D:12     | Noticed a six-headed hydra
 13327 | D:12     | Found a runed translucent gate.
 13327 | D:12     | Found a runed translucent gate.
 13327 | D:12     | Found a runed translucent gate.
 13338 | D:12     | Found a staircase to the Orcish Mines.
 13447 | D:12     | Noticed a manticore
 13454 | D:12     | Killed a manticore
 13539 | D:12     | Noticed a boulder beetle
 13550 | D:12     | Noticed an orange crystal statue
 13576 | D:12     | Killed a boulder beetle
 13847 | D:12     | Reached XP level 12. HP: 80/80 MP: 13/18
 13901 | D:12     | Offered knowledge of Olgreb's Toxic Radiance by Vehumet.
 14588 | D:12     | Noticed a two-headed ogre
 14593 | D:12     | Killed a two-headed ogre
 14594 | D:12     | Reached skill level 5 in Conjurations
 14694 | D:12     | Found a glowing golden altar of the Shining One.
 14839 | D:13     | Reached skill level 5 in Spellcasting
 15487 | D:13     | Reached skill level 6 in Conjurations
 15625 | D:13     | Noticed a centaur warrior
 15629 | D:13     | Killed a centaur warrior
 15630 | D:13     | Reached skill level 13 in Earth Magic
 15746 | D:13     | Noticed a boulder beetle
 15755 | D:13     | Killed a boulder beetle
 15981 | D:13     | Reached skill level 6 in Spellcasting
 16083 | D:13     | Noticed Urug
 16093 | D:13     | Killed Urug
 16187 | D:13     | Noticed a centaur warrior
 16194 | D:13     | Killed a centaur warrior
 16195 | D:13     | Reached skill level 7 in Conjurations
 16501 | D:13     | Noticed Lodul
 16509 | D:13     | Killed Lodul
 16624 | D:13     | Learned a level 8 spell: Lehudib's Crystal Spear
 16645 | D:14     | Noticed Nessos
 16645 | D:14     | Noticed Rupert
 16645 | D:14     | Noticed a great orb of eyes
 16645 | D:14     | Found a gate to the Vaults.
 16733 | D:14     | Noticed a boulder beetle
 16745 | D:13     | Killed a boulder beetle
 17064 | D:13     | Reached skill level 8 in Conjurations
 17160 | D:13     | Reached skill level 14 in Earth Magic
 17161 | D:13     | Reached XP level 13. HP: 84/84 MP: 13/23
 17448 | D:14     | Paralysed by Rupert for 4 turns
 17532 | D:13     | Reached skill level 7 in Spellcasting
 17777 | D:14     | Killed a great orb of eyes
 17814 | D:14     | Killed Nessos
 18001 | D:14     | Reached skill level 9 in Conjurations
 18317 | D:14     | HP: 4/84 [tengu warrior/+0 great mace (6)]
 19083 | D:14     | Reached skill level 15 in Earth Magic
 19179 | D:15     | Entered Level 15 of the Dungeon
 19194 | D:15     | Reached ***** piety under Vehumet
 19208 | D:15     | Offered knowledge of Flame Wave by Vehumet.
 19648 | D:15     | Reached skill level 10 in Conjurations
 20228 | D:15     | Reached skill level 8 in Spellcasting
 20707 | D:15     | Found a staircase to the Depths.
 20707 | D:15     | Noticed a stone giant
 20712 | D:15     | Killed a stone giant
 20713 | D:15     | Reached skill level 11 in Conjurations
 20713 | D:15     | Reached skill level 16 in Earth Magic
 21036 | D:9      | Killed PigKeeper's ghost
 21037 | D:9      | Gained mutation: Your large and strong wings let you fly.
                  | [Gargoyle growth]
 21037 | D:9      | Reached XP level 14. HP: 65/90 MP: 5/26
 21371 | Depths:1 | Entered Level 1 of the Depths
 21371 | Depths:1 | Noticed a stone giant
 21376 | Depths:1 | Killed a stone giant
 21683 | Depths:1 | Noticed an ancient champion
 21771 | Depths:1 | Killed from afar by an ancient champion

Vanquished Creatures
  2 stone giants
  Nessos (D:14)
  2 ettins (Depths:1)
  The ghost of PigKeeper the Pandemonic, a journeyman DjHu of Makhleb (D:9)
  A great orb of eyes (D:14)
  2 hydras (D:14)
  3 centaur warriors
  5 boulder beetles
  4 two-headed ogres
  4 tengu warriors
  Urug (D:13)
  Lodul (D:13)
  Pikel (D:7)
  3 orc knights
  6 manticores
  6 ugly things
  7 cyclopes
  A meliai (shapeshifter) (D:14)
  A cane toad (shapeshifter) (D:13)
  A kobold demonologist (D:13)
  A freezing wraith (D:14)
  A tengu conjurer (D:14)
  5 trolls
  A wolf spider simulacrum (D:15)
  2 hornets
  A vampire (D:12)
  3 shadows
  6 yaks (D:10)
  A spriggan (Depths:1)
  2 wraiths
  A wyvern (D:9)
  16 humans
  A basilisk (D:10)
  A warg (D:10)
  A steam dragon (D:7)
  4 vampire mosquitoes (D:15)
  A steam dragon (shapeshifter) (D:14)
  An acid dragon (D:11)
  2 water moccasins
  7 orc warriors
  6 ice beasts
  A sky beast (D:7)
  3 boggarts (D:15)
  9 ogres
  14 centaurs
  2 wolves
  2 lemures (D:7)
  A phantom (D:12)
  6 kobold brigands
  A brain worm (Sewer)
  A gnoll sergeant (D:11)
  2 bullfrogs
  A scorpion (D:4)
  A burial acolyte (D:6)
  5 wights
  2 troll zombies (D:12)
  15 killer bees
  2 howler monkeys
  3 hounds
  12 orc priests
  Crazy Yiuf (D:5)
  A sleepcap (D:4)
  An iguana (D:5)
  Ijyb (D:4)
  16 orc wizards
  6 ogre zombies (D:12)
  11 gnolls
  12 adders
  6 river rats
  2 white imps (D:5)
  2 adder zombies (D:6)
  4 dart slugs
  3 ribbon worms
  36 orcs
  8 endoplasms
  5 giant cockroaches
  4 goblins
  4 hobgoblins
  7 jackals
  22 kobolds
  9 quokkas
  12 ball pythons
  6 bats
  4 frilled lizards
  4 gnoll skeletons (D:12)
  4 gnoll zombies (D:12)
  2 jackal zombies (D:6)
  3 orc skeletons (D:12)
  14 orc zombies (D:12)
  4 rats
414 creatures vanquished.

Vanquished Creatures (collateral kills)
  An ugly thing (D:14)
1 creature vanquished.

Vanquished Creatures (others)
  A boulder (D:14)
1 creature vanquished.

Grand Total: 416 creatures vanquished
